 Dungeon Crawl Stone Soup version 0.30.0-30-g96aa6591b8 (webtiles) character file.

Game seed: 11679019145573470422

147 Handcuff the Chiller (level 5, -2/33 HPs)
             Began as an Octopode Ice Elementalist on June 28, 2023.
             Was a Follower of Zin.
             Slain by an orc warrior
             ... wielding a +4 dire flail
              (21 damage)
             ... on level 5 of the Dungeon.
             The game lasted 00:04:30 (905 turns).

Handcuff the Chiller (Octopode Ice Elementalist)     Turns: 905, Time: 00:04:31

Health: -2/33      AC:  5    Str: 10    XL:     5   Next: 29%
Magic:  6/9        EV: 14    Int: 17    God:    Zin [*.....]
Gold:   50         SH:  0    Dex: 18    Spells: 5/9 levels left

rFire   . . .        c - +0 hand axe
rCold   . . .        (no shield)
rNeg    . . .        (helmet restricted)
rPois   .            (no amulet)
rElec   .            b - +4 ring of protection
rCorr   .            e - +6 ring of dexterity
SInv    .            (no ring)
Will    .....        (no ring)
Stlth   ++++         (no ring)
HPRegen 0.25/turn    (no ring)
MPRegen 0.11/turn    (no ring)
                     (no ring)

%: no passive effects
@: freezing walls
A: almost no armour, amphibious, 8 rings, camouflage 1, gelatinous body 1,
(nimble swimmer 1), tentacles
a: Renounce Religion, Recite, Donate Gold


You were on level 5 of the Dungeon.
You worshipped Zin.
Zin was aware of your devotion.
You visited 1 branch of the dungeon, and saw 5 of its levels.

You collected 55 gold pieces.
You donated 5 gold pieces to Zin.

Inventory:

Hand Weapons
 c - a +0 hand axe (weapon)
Jewellery
 b - a +4 ring of protection (left tentacle)
 e - a +6 ring of dexterity (right tentacle)
Scrolls
 d - a scroll of identify {unknown}
 f - a scroll of magic mapping {unknown}
 g - 2 scrolls of poison
Potions
 a - a potion of magic
 h - a potion of curing {unknown}


   Skills:
 * Level 1.0 Fighting
 * Level 1.0 Axes
 * Level 2.3 Dodging
 * Level 3.2 Stealth
 * Level 1.0 Unarmed Combat
 * Level 2.8 Spellcasting
 * Level 5.1 Ice Magic


You had 5 spell levels left.
You knew the following spells:

 Your Spells              Type           Power      Damage    Failure   Level
a - Freeze                Ice            76%        1d8       2%          1
b - Frozen Ramparts       Ice            38%        1d6       6%          3

Your spell library contained the following spells:

 Spells                   Type           Power      Damage    Failure   Level
 Ozocubu's Armour         Ice            19%        N/A       6%          3
 Summon Ice Beast         Ice/Summ       11%        N/A       52%         4


Dungeon Overview and Level Annotations

Branches:
Dungeon (5/15)
 Temple: D:4-7

Altars:
Zin


Innate Abilities, Weirdness & Mutations

You cannot wear most types of armour.
You are amphibious.
You can wear up to eight rings at the same time.
Your skin changes colour to match your surroundings (Stealth+).
Your rubbery body absorbs attacks. (AC +1, EV +1)
((You are camouflaged when in or above water. (Stealth+)))
You have tentacles for arms and can constrict up to eight enemies at once.


Message History

You tentacle-slap the orc wizard.
You kill the orc wizard!
Your Axes skill increases to level 1!
The frozen ramparts melt away as you move.
Things that are here:
a +0 dagger; a +0 robe; an orc corpse
h - a murky golden potion
Things that are here:
a +0 dagger; a +0 robe; an orc corpse You pay a tithe of 1 gold.
You now have 50 gold pieces (gained 9).
Unknown command.
HP restored.
Magic restored.
The orc warrior shouts!
Press: ? - help, v - describe, . - travel
Here: an orc warrior, wielding a +4 dire flail and wearing a +0 chain mail The floor.
Casting: Frozen Ramparts (dangerous; 6% risk of failure)
Confirm with . or Enter, or press ? or * to list all spells.
Casting: Frozen Ramparts (dangerous; 6% risk of failure)
Press: ? - help, Dir - look around, f - activate The walls around you are covered in ice.
Unknown command.
You barely miss the orc warrior. You grab the orc warrior.
You constrict the orc warrior, but do no damage.
The wall freezes the orc warrior but does no damage.
The orc warrior misses you.
Unknown command.
You hit the orc warrior but do no damage.
You constrict the orc warrior, but do no damage.
The wall freezes the orc warrior.
The orc warrior hits you with a +4 dire flail!
You hit the orc warrior but do no damage.
You squeeze the orc warrior, but do no damage.
The orc warrior is lightly wounded.
You constrict the orc warrior.
The wall freezes the orc warrior.
The orc warrior misses you.
The wall freezes the orc warrior.
The orc warrior hits you with a +4 dire flail!!
Ouch! That really hurt!
You die...

#.........# #
#........)######⌠.⌠
#........).....+
+........)######⌠.⌠
####......>..# #
.............#
###..........#
#..........#
#..<.....o@#
###...##..##
##...#### ##...#
##..o# #...# #...#
#.).


You could see an orc warrior.

Vanquished Creatures
  A gnoll bouda (D:4)
  An orc wizard (D:5)
  4 gnolls
  3 adders
  3 orcs
  2 ball pythons
  An endoplasm (D:3)
  2 goblins
  A hobgoblin (D:1)
  4 jackals (D:4)
  A kobold (D:1)
  A quokka (D:3)
  A frilled lizard (D:1)
  3 rats
28 creatures vanquished.

Notes
Turn   | Place    | Note
-------+----------+-------------------------------------------
     0 | D:1      | Handcuff the Octopode Ice Elementalist began the quest for
                  | the Orb.
     0 | D:1      | Reached XP level 1. HP: 11/11 MP: 3/3
    93 | D:1      | Reached XP level 2. HP: 13/17 MP: 0/5
   324 | D:2      | Reached XP level 3. HP: 16/22 MP: 4/6
   349 | D:2      | Learned a level 3 spell: Frozen Ramparts
   519 | D:3      | Found a faded altar of an unknown god.
   523 | D:3      | Prayed at the altar of an unknown god.
   523 | D:3      | Became a worshipper of Zin the Law-Giver
   523 | D:3      | Reached * piety under Zin
   598 | D:3      | Reached XP level 4. HP: 27/27 MP: 3/7
   689 | D:4      | Reached skill level 5 in Ice Magic
   693 | D:4      | Reached skill level 1 in Fighting
   693 | D:4      | Reached skill level 1 in Unarmed Combat
   737 | D:4      | Reached XP level 5. HP: 18/33 MP: 3/8
   822 | D:5      | Entered Level 5 of the Dungeon
   822 | D:5      | Noticed an orc warrior
   849 | D:5      | Reached skill level 1 in Axes
   905 | D:5      | Slain by an orc warrior

Illustrated notes

Levels and vault maps discovered:
D:1:      tekkud_arrival_beachfront_property, layout_rooms
D:2:      layout_loops_corners
D:3:      layout_basic, mainiacjoe_overflow_concentric_impassable, serial_shops,
          shop, shapermc_ecumenical_altar_mp_vishouse,
          wander_ebering_terrifying_dragon_lair
D:4:      layout_gridville, cheibriados_altar_1, grunt_temple_overflow_diamond,
          st_stairs_11
D:5:      layout_rooms, nzn_overflow_gifts_of_might_and_magic,
          amcnicky_altar_gilded, mainiacjoe_overflow_six_doors_small,
          temple_doors_e

Skill      XL: |  1  2  3  4  5 |
---------------+----------------+-----
Stealth        | 3 |  3.2
Ice Magic      | 5 |  5.1
Fighting       | 1 |  1.0
Unarmed Combat | 1 |  1.0
Axes           | 1 |  1.0
Dodging        | |  2.3
Spellcasting   | |  2.8

Action                     |  1- 3 |  4- 6 || total
---------------------------+-------+-------++-------
  Melee: Unarmed           |     6 |       ||     6
         Constrict         |     8 |     6 ||    14
         Tentacles         |     4 |     7 ||    11
         Hand axe          |    13 |    17 ||    30
         Punch             |     1 |     1 ||     2
   Cast: Freeze            |    11 |     7 ||    18
         Frozen Ramparts   |     1 |     4 ||     5
    Use: Scroll            |       |     1 ||     1
   Stab: Sleeping          |     1 |     1 ||     2
 Armour: Skin              |       |    17 ||    17
  Dodge: Dodged            |    17 |    25 ||    42
